 Dungeon Crawl Stone Soup version 0.25.1-2-g60ff931df9 (webtiles) character file.

Game seed: 3951583769865699879

70 selver the Poker (level 4, 33/33 HPs)
             Began as a Merfolk Gladiator on Oct 24, 2020.
             Quit the game on level 2 of the Dungeon on Oct 26, 2020.
             The game lasted 00:02:28 (1356 turns).

selver the Poker (Merfolk Gladiator)                Turns: 1356, Time: 00:02:29

Health: 33/33      AC:  4    Str: 14    XL:     4   Next: 22%
Magic:  4/4        EV: 14    Int:  8    God:
Gold:   134        SH:  0    Dex: 15    Spells: 3/3 levels left

rFire    . . .     SeeInvis .   a - +0 trident
rCold    . . .     Gourm    .   (no shield)
rNeg     . . .     Faith    .   b - +0 leather armour
rPois    .         Spirit   .   c - +0 helmet
rElec    .         Reflect  .   (no cloak)
rCorr    .         Harm     .   (no gloves)
MR       .....                  (no boots)
Stlth    +.........             (no amulet)
HPRegen  0.11/turn              (no ring)
MPRegen  0.09/turn              (no ring)

@: no status effects
A: change form in water, swift swim, stealthy swim
a: no special abilities


You were on level 2 of the Dungeon.
You were not hungry.

You visited 1 branch of the dungeon, and saw 2 of its levels.

You collected 134 gold pieces.

Inventory:

Hand Weapons
 a - a +0 trident (weapon)
Missiles
 d - 3 throwing nets (quivered)
Armour
 b - a +0 leather armour (worn)
 c - a +0 helmet (worn)
 p - a +0 chain mail
Scrolls
 e - 2 scrolls of teleportation {unknown}
 g - a scroll of identify {unknown}
 h - 2 scrolls of enchant weapon {unknown}
 j - a scroll of fog {unknown}
 k - a scroll of remove curse {unknown}
Potions
 i - a potion of mutation {unknown}
 l - 2 potions of curing {unknown}
 m - a potion of berserk rage {unknown}
 o - 2 potions of might {unknown}
Comestibles
 f - 2 rations
 n - 4 chunks of flesh


   Skills:
 - Level 2.1 Fighting
 + Level 7.2 Polearms
 - Level 2.0 Throwing
 - Level 4.0 Dodging


You had 3 spell levels left.
You didn't know any spells.
Your spell library was empty.

Dungeon Overview and Level Annotations

Branches:
Dungeon (2/15)

Altars:


Message History

Attack whom?
Press: ? - help, Dir - move target cursor, f - rat
Aim: a rat You reach to attack!
You hit the rat.
You kill the rat!
No target in view!
No target in view!
You butcher the rat corpse.
n - 5 chunks of flesh (gained 1)
You see here a rat skeleton. x2
Eating one of 5 chunks of flesh.
You eat one of the 5 chunks of flesh.
This raw flesh tastes terrible.
Found a chain mail.
No target in view!
You see here a chain mail.
p - a chain mail Saving game... please wait.
Welcome back, selver the Merfolk Gladiator.
Press ? for a list of commands and other information.
Are you sure you want to abandon this character and quit the game? (Confirm with "yes".)

### ############## ....(
..........@.# #...
#...<#####.# .+...
+.....####.###########
##.).###.....##.............#
##...........##.#.########.##
##.......###.##.#.# #.#
#####....# #.##.#.# #.# #
#.)..###.##.#.# #.#
######.....#.##.#.# #.#


There were no monsters in sight!

Vanquished Creatures
  2 adders (D:2)
  A dart slug (D:1)
  2 leopard geckos (D:1)
  A giant cockroach (D:2)
  3 goblins
  2 hobgoblins
  11 jackals
  11 bats
  2 frilled lizards (D:1)
  A kobold (D:1)
  8 rats
44 creatures vanquished.

Notes
Turn   | Place    | Note
-------+----------+-------------------------------------------
     0 | D:1      | selver the Merfolk Gladiator began the quest for the Orb.
     0 | D:1      | Reached XP level 1. HP: 16/16 MP: 1/1
    51 | D:1      | Reached skill level 5 in Polearms
    55 | D:1      | Reached XP level 2. HP: 22/22 MP: 2/2
   322 | D:1      | Reached skill level 6 in Polearms
   322 | D:1      | Reached XP level 3. HP: 27/27 MP: 3/3
   982 | D:2      | Reached XP level 4. HP: 33/33 MP: 4/4
   984 | D:2      | Reached skill level 7 in Polearms
  1356 | D:2      | Quit the game

Illustrated notes

Levels and vault maps discovered:
D:1:      tarquinn_simple_flora_water_e, layout_basic
D:2:      layout_basic, nicolae_overflow_hidden_temple

Skill      XL: |  1  2  3  4 |
---------------+-------------+-----
Polearms       | 5 6 7 |  7.2
Fighting       | |  2.1
Throwing       | |  2.0
Dodging        | |  4.0

Action                   |  1- 3 |  4- 6 || total
-------------------------+-------+-------++-------
Melee: Trident           |   123 |    18 ||   141
  Eat: Chunk             |       |     2 ||     2
Armor: Leather armour    |    24 |     1 ||    25
Dodge: Dodged            |    77 |     8 ||    85
